 Dungeon Crawl Stone Soup version 0.24.0-125-gc4c63601f3 (webtiles) character file.

Game seed: 5071627176358775186, levelgen mode: deterministic

239 Amplified the Skirmisher (level 5, 0/72 HPs)
             Began as a Minotaur Abyssal Knight on Mar 3, 2020.
             Was a Believer of Lugonu.
             Slain by an orc priest
             ... wielding a +0 trident
              (4 damage)
             ... on level 3 of the Dungeon.
             The game lasted 00:03:19 (3077 turns).

Amplified the Skirmisher (Minotaur Abyssal Knight)  Turns: 3077, Time: 00:03:20

Health: 0/72       AC:  5    Str: 22    XL:     5   Next: 79%
Magic:  6/6        EV: 12    Int:  9    God:    Lugonu [**....]
Gold:   256        SH:  0    Dex: 10    Spells: 3/4 levels left

rFire    + . .     SeeInvis .   a - +1 hand axe
rCold    + . .     Gourm    +   (no shield)
rNeg     . . .     Faith    .   l - +2 robe {rC+ rF+}
rPois    .         Spirit   .   (helmet restricted)
rElec    .         Reflect  .   (no cloak)
rCorr    .         Harm     .   (no gloves)
MR       .....                  k - +0 pair of boots
Stlth    ..........             f - amulet of the gourmand
HPRegen  0.22/turn              (no ring)
MPRegen  0.10/turn              (no ring)

@: berserking, very quick
A: retaliatory headbutt, horns 2
a: Depart the Abyss, Bend Space, Renounce Religion


You were on level 3 of the Dungeon.
You worshipped Lugonu.
Lugonu was pleased with you.
You were very full.

You visited 1 branch of the dungeon, and saw 3 of its levels.
You visited the Abyss 1 time.

You collected 256 gold pieces.

Inventory:

Hand Weapons
 a - a +1 hand axe (weapon)
Missiles
 i - 23 poisoned darts (quivered)
Armour
 k - a +0 pair of boots (worn)
 l - a +2 robe of resistance (worn)
Jewellery
 b - an uncursed ring of protection from magic
 f - an amulet of the gourmand (around neck)
Scrolls
 d - a scroll of amnesia
 e - a scroll of noise
 g - a scroll of immolation
 h - a scroll of fear
 m - a scroll of identify
Comestibles
 c - 5 rations


   Skills:
 * Level 5.2 Fighting
 * Level 4.3 Axes
 + Level 3.6 Armour
 + Level 2.4 Dodging
 + Level 2.7 Invocations


You had 3 spell levels left.
You knew the following spells:

 Your Spells              Type           Power        Failure   Level  Hunger
a - Confusing Touch       Hex            #.....       38%         1    ##.....

Your spell library contained the following spells:

 Spells                   Type           Power        Failure   Level  Hunger
 Confuse                  Hex            #.......     77%         3    ####...
 Gell's Gravitas          Tloc           #.........   77%         3    ####...
 Petrify                  Tmut/Erth      #.......     99%         4    #####..
 Metabolic Englaciation   Hex/Ice        #.........   100%        5    ######.
 Yara's Violent Unravell  Hex/Tmut       #.........   100%        5    ######.


Dungeon Overview and Level Annotations

Branches:
Dungeon (3/15)

Altars:
Dithmenos
Trog
Zin

Annotations:
D:3 1 runed translucent door, hitsuchi's ghost, amateur DDEE


Innate Abilities, Weirdness & Mutations

You reflexively headbutt those who attack you in melee.
You have a pair of horns on your head.


Message History

Beogh smites you!
You hit the orc priest but do no damage.
You headbutt the orc priest.
The orc priest is almost dead.
The orc priest mumbles some strange prayers to Beogh against you.
Beogh smites you!
* * * LOW HITPOINT WARNING * * *
You barely miss the orc priest.
The orc priest is almost dead.
The orc priest hits you with a +0 trident!
* * * LOW HITPOINT WARNING * * *
It was a potion of berserk rage.
A red film seems to cover your vision as you go berserk!
You feel yourself moving faster!
You feel mighty! The orc priest closely misses you. You furiously retaliate!
You headbutt the orc priest, but do no damage.
You hit the orc priest. Your headbutt misses the orc priest.
The orc priest is almost dead.
The orc priest hits you with a +0 trident.
You die...

#.# #..# #♣.#.## #.#
#.# #....#8/+..###.#
#.# #.... ♣W#...##.#
#.# .
#....####......# ...
.. #..#....#...####
#.# ...#
#..#####...## #..
.....####..........#
###
......o)...#######.#
.......@.)(........#
.......#############
......# .....# ###.#
##


You could see an orc priest.

Vanquished Creatures
  Jessica (D:2)
  Natasha (twice) (D:2)
  Robin (D:2)
  5 adders
  2 oozes
  A worm (D:3)
  3 dart slugs
  A leopard gecko (D:3)
  14 orcs
  2 ball pythons
  7 bats
  A giant cockroach (D:3)
  19 goblins
  5 hobgoblins
  2 quokkas
  4 frilled lizards
  A kobold (D:3)
  3 rats
74 creatures vanquished.

Notes
Turn   | Place    | Note
-------+----------+-------------------------------------------
     0 | Abyss:1  | Amplified the Minotaur Abyssal Knight began the quest for
                  | the Orb.
     0 | Abyss:1  | Reached XP level 1. HP: 19/19 MP: 1/1
    50 | Abyss:1  | Noticed a rakshasa
    50 | Abyss:1  | Noticed a tentacled starspawn
    51 | D:1      | Escaped the Abyss
   128 | D:1      | Reached XP level 2. HP: 21/27 MP: 2/2
   209 | D:1      | Reached skill level 4 in Fighting
   426 | D:1      | Reached * piety under Lugonu
   620 | D:2      | Noticed Robin
   781 | D:2      | Reached XP level 3. HP: 33/33 MP: 3/3
   784 | D:2      | Noticed Natasha
   802 | D:2      | Killed Natasha
  1062 | D:2      | Found a bloodstained altar of Trog.
  1088 | D:2      | Found a glowing silver altar of Zin.
  1433 | D:2      | Noticed Jessica
  1459 | D:2      | Reached XP level 4. HP: 16/41 MP: 4/4
  1530 | D:2      | Killed Jessica
  1581 | D:2      | Killed Robin
  1588 | D:2      | Noticed Natasha
  1844 | D:2      | Killed Natasha
  1844 | D:2      | Reached XP level 5. HP: 39/47 MP: 5/5
  2076 | D:3      | Found a shadowy altar of Dithmenos.
  2159 | D:3      | Reached skill level 5 in Fighting
  2596 | D:3      | Learned a level 1 spell: Confusing Touch
  3018 | D:3      | Reached ** piety under Lugonu
  3037 | D:3      | Found a runed translucent door.
  3037 | D:3      | Noticed hitsuchi's ghost (amateur DDEE)
  3077 | D:3      | Slain by an orc priest

Levels and vault maps discovered:
D:1:      kennysheep_arrival_seaside, layout_rooms, minmay_hexomino_u4
D:2:      kennysheep_big_flooded_room, layout_loops_ring, zin_academy,
          lemuel_doored_altar, first_ration, uniq_natasha, uniq_robin,
          uniq_jessica
D:3:      layout_loops_ring, grunt_dithmenos_smoke, gammafunk_ghost_grave

Skill      XL: |  1  2  3  4  5 |
---------------+----------------+-----
Fighting       | 4 5 |  5.2
Invocations    | 2 |  2.7
Axes           | 3 4 |  4.3
Armour         | 3 |  3.6
Dodging        | 2 |  2.4

Action                   |  1- 3 |  4- 6 || total
-------------------------+-------+-------++-------
Melee: Hand axe          |    84 |   113 ||   197
       Headbutt          |    12 |    21 ||    33
Throw: Dart              |     1 |     5 ||     6
Invok: Depart the Abyss  |     1 |       ||     1
  Use: Scroll            |     7 |     3 ||    10
       Potion            |       |     1 ||     1
 Stab: Sleeping          |       |     1 ||     1
  Eat: Chunk             |     1 |    12 ||    13
Armor: Leather armour    |    34 |     1 ||    35
       Robe              |       |    31 ||    31
       Ring mail         |       |     1 ||     1
Dodge: Dodged            |    59 |    82 ||   141
